 Dungeon Crawl Stone Soup version 0.23-a0-488-g5fd82c5 (webtiles) character file.

91 emperorscorpion the Conjurer (level 4, 0/24 HPs)
             Began as a Deep Elf Conjurer on Dec 2, 2018.
             Succumbed to a water moccasin's poison
             ... on level 3 of the Dungeon.
             The game lasted 00:02:54 (2178 turns).

emperorscorpion the Conjurer (Deep Elf Conjurer)    Turns: 2178, Time: 00:02:55

Health: 0/24       AC:  2    Str:  5    XL:     4   Next: 34%
Magic:  1/11       EV: 16    Int: 21    God:
Gold:   116        SH:  0    Dex: 15    Spells: 5/10 levels left

rFire    . . .     SeeInvis .   o - +3 long sword (elec)
rCold    . . .     Gourm    .   (no shield)
rNeg     . . .     Faith    .   a - +0 robe
rPois    .         Spirit   .   (no helmet)
rElec    .         Reflect  .   (no cloak)
rCorr    .         Harm     .   (no gloves)
MR       .....     Rnd*Rage +   (no boots)
Stlth    ++........             (no amulet)
HPRegen  0.08/turn              h - +3 ring of evasion
MPRegen  0.12/turn              (no ring)

@: lethally poisoned (0 -> -5)
A: claws 1, berserk 1, deterioration 1, sense surroundings 1
a: no special abilities


You were on level 3 of the Dungeon.
You were not hungry.

You visited 1 branch of the dungeon, and saw 3 of its levels.

You collected 116 gold pieces.

Inventory:

Hand Weapons
 b - a +0 hunting sling
 d - a +0 dagger
 o - a +3 long sword of electrocution (weapon)
Missiles
 l - 5 stones (quivered)
 u - 16 poisoned needles
Armour
 a - a +0 robe (worn)
 i - a +0 leather armour
Jewellery
 h - a +3 ring of evasion (left claw)
 k - a +4 ring of evasion
 r - an uncursed ring of flight {unknown}
Scrolls
 e - a scroll of magic mapping {unknown}
 g - a scroll of teleportation {unknown}
 j - 4 scrolls of remove curse {unknown}
 m - a scroll of amnesia {unknown}
 p - a scroll of enchant armour {unknown}
 s - a scroll of identify {unknown}
 v - a scroll of enchant weapon {unknown}
Comestibles
 c - 5 rations


   Skills:
 + Level 2.7 Dodging
 - Level 2.4 Stealth
 + Level 3.6 Spellcasting
 + Level 6.0 Conjurations


You had 5 spell levels left.
You knew the following spells:

 Your Spells              Type           Power        Failure   Level  Hunger
a - Magic Dart            Conj           ####         1%          1    None
b - Iskenderun's Mystic   Conj           ####....     10%         4    ####...

Your spell library contained the following spells:

 Spells                   Type           Power        Failure   Level  Hunger
 Searing Ray              Conj           ####..       1%          2    ##.....
 Dazzling Spray           Conj/Hex       ###...       11%         3    ###....
 Force Lance              Conj/Tloc      ###.....     34%         4    ####...
 Fulminant Prism          Conj/Hex       ###.......   34%         4    ####...


Dungeon Overview and Level Annotations

Branches:
Dungeon (3/15)

Altars:
Wu Jian

Annotations:
D:3 1 runed door, XanderDroid's ghost, amateur GnWn


Innate Abilities, Weirdness & Mutations

You have sharp fingernails.
You tend to lose your temper in combat.
Your body sometimes deteriorates upon taking damage.
You passively map a small area around you.


Message History

An orc comes into view. It is wielding a +0 mace.
Unknown command.
It was a potion of might.
You feel very mighty all of a sudden.
You feel sick. The water moccasin barely misses you.
It was a potion of cancellation.
Your magical effects are unravelling.
You feel magically purged.
Your magical contamination has completely faded away.
You feel a little less mighty now.
You feel sick. The water moccasin misses you. The water moccasin bites you!
* * * LOW HITPOINT WARNING * * *
It was a potion of mutation.
You feel extremely strange.
Your fingernails lengthen.
You feel a little pissed off.
You feel yourself wasting away.
You feel a strange attunement to the structure of the dungeons.
The water moccasin bites you but does no damage.
You closely miss the water moccasin.
The water moccasin is severely wounded.
You die...

, , ####.† , #......< *
#P.#..#+# #.. #.######
8(+..#.# #.###*##.#
W#..#.# #.....##.#
####....# #..##.##.####
, #.......#
#...........# #.......#
#...#....##.# +
#.......###...##....#.#
.....o..S@........##.#.#
,
........#####.####...#.#
..####.............#.#.#
, . *
########......#.#.# , *
, * #....####.#.# *
#....+ ..#.# , , #....#
### * *** * #....# ,
#....#


You could see a water moccasin, XanderDroid's ghost and an orc.

Vanquished Creatures
  4 adders
  An ooze (D:2)
  2 worms (D:2)
  A dart slug (D:2)
  2 leopard geckos
  2 bats
  A giant cockroach (D:2)
  4 goblins
  5 hobgoblins
  5 jackals
  2 quokkas
  4 frilled lizards
  6 kobolds
  2 rats (D:1)
41 creatures vanquished.

Notes
Turn   | Place    | Note
-------+----------+-------------------------------------------
     0 | D:1      | emperorscorpion the Deep Elf Conjurer began the quest for
                  | the Orb.
     0 | D:1      | Reached XP level 1. HP: 10/10 MP: 6/6
   276 | D:1      | Reached XP level 2. HP: 15/15 MP: 6/8
   354 | D:1      | Reached skill level 5 in Conjurations
  1087 | D:2      | Reached XP level 3. HP: 18/19 MP: 2/9
  1219 | D:2      | Found an ornate altar of the Wu Jian Council.
  1687 | D:2      | Reached XP level 4. HP: 24/24 MP: 6/11
  1772 | D:2      | Learned a level 4 spell: Iskenderun's Mystic Blast
  1962 | D:2      | Reached skill level 6 in Conjurations
  2153 | D:3      | Noticed XanderDroid's ghost (amateur GnWn)
  2154 | D:3      | Found a runed door.
  2161 | D:3      | Noticed a water moccasin
  2176 | D:3      | HP: 1/24 [water moccasin (7)]
  2177 | D:3      | Gained mutation: You have sharp fingernails. [potion of
                  | mutation]
  2177 | D:3      | Gained mutation: You tend to lose your temper in combat.
                  | [potion of mutation]
  2177 | D:3      | Gained mutation: Your body sometimes deteriorates upon
                  | taking damage. [potion of mutation]
  2177 | D:3      | Gained mutation: You passively map a small area around you.
                  | [potion of mutation]
  2178 | D:3      | Succumbed to a water moccasin's poison

Vault maps used:
D:1:      minmay_arrival_wavy_path, minivault_23, minmay_ruptured
D:2:      nicolae_overflow_crystal_walls, serial_park_tiny_1
D:3:      bloody_trog, gammafunk_ghost_grave

Skill      XL: |  1  2  3  4 |
---------------+-------------+-----
Conjurations   | 5 6 |  6.0
Dodging        | |  2.7
Stealth        | |  2.4
Spellcasting   | |  3.6

Action                   |  1- 3 |  4- 6 || total
-------------------------+-------+-------++-------
Melee: Long sword        |       |     7 ||     7
 Cast: Magic Dart        |    69 |    12 ||    81
       Iskenderun's Myst |       |     2 ||     2
  Use: Potion            |       |     3 ||     3
  Eat: Chunk             |     2 |     2 ||     4
Armor: Robe              |     1 |     2 ||     3
Dodge: Dodged            |    12 |    12 ||    24
       Rpst.: Long sword |       |     5 ||     5

Table legend:
 A = Non-vault XP
 B = Vault XP
 C = Vault XP percentage of total XP
 D = Non-vault monster count
 E = Vault monster count
 F = Vault count percentage of total count
                 A         B        C        D         E       F
            +---------+---------+-------+---------+---------+-------
      Total |     126 |       5 |   3.8 |      38 |       3 |   7.3
            +---------+---------+-------+---------+---------+-------
        D:1 |      17 |       5 |  22.7 |      10 |       3 |  23.1
        D:2 |      94 |       0 |   0.0 |      26 |       0 |   0.0
        D:3 |      15 |       0 |   0.0 |       2 |       0 |   0.0
            +---------+---------+-------+---------+---------+-------
